 Dungeon Crawl Stone Soup version 0.28-a0-850-g09de17f5b5 (webtiles) character file.

Game seed: 18126835182436476872

211 Crownlay the Chopper (level 5, 0/45 HPs)
             Began as a Hill Orc Fighter on Nov 13, 2021.
             Slain by Duvessa (13 damage)
             ... on level 4 of the Dungeon.
             The game lasted 00:03:51 (2709 turns).

Crownlay the Chopper (Hill Orc Fighter)             Turns: 2709, Time: 00:03:51

Health: 0/45       AC: 12    Str: 20    XL:     5   Next: 88%
Magic:  5/5        EV:  9    Int:  8    God:
Gold:   146        SH:  4    Dex: 10    Spells: 4/4 levels left

rFire   . . .      SeeInvis .   a - +1 war axe
rCold   . . .      Faith    .   c - +0 buckler
rNeg    . . .      Spirit   .   g - +3 scale mail
rPois   .          Reflect  .   b - +0 helmet
rElec   .          Harm     .   (no cloak)
rCorr   .          Rampage  .   p - +0 pair of gloves
Will    .....                   (no boots)
Stlth   ..........              (no amulet)
HPRegen 0.15/turn               m - ring of flight
MPRegen 0.09/turn               (no ring)

@: mighty, lit by a corona, flying, glowing
A: no striking features
a: no special abilities


You were on level 4 of the Dungeon.
You visited 1 branch of the dungeon, and saw 4 of its levels.

You collected 146 gold pieces.

Inventory:

Hand Weapons
 a - a +1 war axe (weapon)
Missiles
 l - 16 poisoned darts (quivered)
 o - 6 boomerangs
Armour
 b - a +0 helmet (worn)
 c - a +0 buckler (worn)
 g - a +3 scale mail (worn)
 p - a +0 pair of gloves (worn)
Jewellery
 m - a ring of flight (left hand)
 n - a ring of poison resistance
Scrolls
 e - 2 scrolls of enchant weapon
 f - a scroll of identify
 i - a scroll of teleportation
Potions
 h - a potion of brilliance {unknown}
 j - a potion of heal wounds {unknown}
 k - a potion of degeneration {unknown}


   Skills:
 - Level 3.6 Fighting
 * Level 7.3 Axes
 - Level 3.2 Armour
 - Level 4.0 Shields


You had 4 spell levels left.
You didn't know any spells.
Your spell library contained the following spells:

 Spells                   Type           Power      Damage    Failure   Level
 Slow                     Hex            0%         N/A       77%         1
 Scorch                   Fire           0%         2d5       88%         2
 Confusing Touch          Hex            0%         N/A       98%         3
 Gell's Gravitas          Tloc           0%         N/A       98%         3
 Lesser Beckoning         Tloc           0%         N/A       98%         3
 Teleport Other           Tloc           0%         N/A       98%         3
 Flame Wave               Conj/Fire      0%         3d3       100%        4
 Yara's Violent Unravell  Hex/Tmut       0%         3d3       100%        5
 Summon Cactus Giant      Summ           0%         N/A       100%        6


Dungeon Overview and Level Annotations

Branches:
Dungeon (4/15)
 Temple: D:4-7

Altars:

Shops:
D:3 =

Annotations:
D:4 Duvessa


Message History

Dowan mumbles some strange words.
Dowan blinks!
Dowan points at you and mumbles some strange words.
You are outlined in light.
Dowan hits you but does no damage.
You miss Dowan. Dowan hits you but does no damage.
You hear a zap.
Some rock shatters into small pieces.
You closely miss Dowan. Dowan hits you but does no damage.
You closely miss Dowan. Dowan hits you but does no damage.
You slash Dowan!
Dowan is heavily wounded.
Dowan barely misses you.
You barely miss Dowan.
Dowan is heavily wounded.
Dowan hits you but does no damage.
You miss Dowan.
Dowan is heavily wounded.
You slash Duvessa! Duvessa hits you with a +0 rapier.
Dowan hits you with a +0 dagger. Duvessa barely misses you.
You are too injured to fight recklessly!
You are too injured to fight recklessly!
You are too injured to fight recklessly!
You are too injured to fight recklessly!
You are too injured to fight recklessly!
You are too injured to fight recklessly!
You are too injured to fight recklessly!
You barely miss Duvessa.
Duvessa is moderately wounded.
You hit Dowan. Dowan hits you but does no damage.
Duvessa hits you with a +0 rapier!
* * * LOW HITPOINT WARNING * * *
Dowan hits you but does no damage.
You slash Duvessa!
Duvessa is severely wounded.
You slash Dowan!
You kill Dowan!
Duvessa weeps, then rights herself and shakes her weapon.
Duvessa goes berserk!
Duvessa hits you with a +0 rapier!
You die...

................#
##
..###...####..#
#.### #..# #.#
#..# #.######..#
#.####........
#......##.###.
#####).#.# #.@.#
.#####.e######..
#...............
#.###..#######..
...# #....# #.###
#. #


You could see Duvessa (berserk).

Vanquished Creatures
  A phantom (D:4)
  Dowan (D:4)
  Robin (D:2)
  3 gnolls (D:3)
  3 adders
  A worm (D:2)
  2 dart slugs
  3 orcs (D:4)
  6 bats
  4 endoplasms
  A giant cockroach (D:2)
  8 hobgoblins
  A quokka (D:2)
  9 ball pythons
  2 frilled lizards
  8 goblins
  6 kobolds
  7 rats
67 creatures vanquished.

Notes
Turn   | Place    | Note
-------+----------+-------------------------------------------
     0 | D:1      | Crownlay the Hill Orc Fighter began the quest for the Orb.
     0 | D:1      | Reached XP level 1. HP: 19/19 MP: 1/1
   104 | D:1      | Reached skill level 3 in Axes
   294 | D:1      | Reached XP level 2. HP: 24/26 MP: 2/2
   359 | D:1      | Found a faded altar of an unknown god.
   598 | D:1      | Reached skill level 4 in Axes
  1003 | D:2      | Reached XP level 3. HP: 27/31 MP: 3/3
  1091 | D:2      | Noticed Robin
  1102 | D:2      | Killed Robin
  1105 | D:2      | Reached XP level 4. HP: 17/39 MP: 4/4
  1106 | D:2      | Reached skill level 5 in Axes
  2149 | D:3      | Reached skill level 6 in Axes
  2151 | D:3      | Found Ynwab's Jewellery Boutique.
  2154 | D:3      | Reached XP level 5. HP: 34/45 MP: 5/5
  2676 | D:4      | Noticed a phantom
  2690 | D:4      | Killed a phantom
  2691 | D:4      | Reached skill level 7 in Axes
  2696 | D:4      | Noticed Dowan
  2697 | D:4      | Noticed Duvessa
  2709 | D:4      | Killed Dowan
  2709 | D:4      | Slain by Duvessa

Illustrated notes

Levels and vault maps discovered:
D:1:      lemuel_arrival_muddy, layout_loops_corners,
          dreamdust_ecumenical_altar_sealed_demon, palyth_stone_intersect
D:2:      layout_loops_ring, uniq_robin
D:3:      layout_loops_ring, serial_shops, shop, corexii_hall_statues_l
D:4:      layout_loops_ring, portal_sewer_entry_a, uniq_duvessa

Skill      XL: |  1  2  3  4  5 |
---------------+----------------+-----
Axes           | 3 4 6 7 |  7.3
Shields        | 4 |  4.0
Fighting       | |  3.6
Armour         | |  3.2

Action                   |  1- 3 |  4- 6 || total
-------------------------+-------+-------++-------
Melee: War axe           |    73 |    77 ||   150
  Use: Scroll            |       |     2 ||     2
       Potion            |       |     1 ||     1
Armor: Scale mail        |    49 |    33 ||    82
Dodge: Dodged            |    46 |    17 ||    63
Block: Buckler           |    19 |     8 ||    27

Table legend: (Time is in decaauts)
 A = Elapsed time spent in this place.
 B = Non-inter-level travel time spent in this place.
 C = Inter-level travel time spent in this place.
 D = Time resting spent in this place.
 E = Time spent auto-exploring this place.
 F = Levels seen in this place.
 G = Mean time per level.
                   A        B        C        D        E       F      G
               +--------+--------+--------+--------+--------+-----+--------+
         Total |   2747 |   2537 |    210 |      0 |   2061 |   4 |  686.8 |
       Dungeon |   2747 |   2537 |    210 |      0 |   2061 |   4 |  686.8 |
               +--------+--------+--------+--------+--------+-----+--------+

Top non-repeatable levels by time:
     D:2: 987 daAuts
     D:1: 889 daAuts
     D:3: 747 daAuts
     D:4: 122 daAuts
